 Dungeon Sprint DCSS version 0.30-a0-881-g1ff12e1e11 (webtiles) character file.

Game seed: 2476335357976275126

59448 rocky1 the Heavyweight Champion (level 14, -1/148 HPs)
             Began as a Troll Monk on Mar 15, 2023.
             Was the Champion of Cheibriados.
             Slain by an Orb Guardian (21 damage)
             ... in the Dungeon (Sprint IX: "|||||||||||||||||||||||||||||").
             The game lasted 00:16:09 (3454 turns).

rocky1 the Heavyweight Champion (Troll Monk)        Turns: 3454, Time: 00:16:09

Health: -1/148     AC: 14    Str: 41    XL:     14   Next: 53%
Magic:  0/27       EV: 23    Int: 21    God:    Cheibriados [******]
Gold:   535        SH:  0    Dex: 27    Spells: 13/13 levels left

rFire   . . .      SeeInvis .      - Unarmed
rCold   . . .      Faith    .    (no shield)
rNeg    . . .      Spirit   +    a - +4 moon troll leather armour {Spirit, Regen++ MP+5}
rPois   .          Reflect  .    (helmet restricted)
rElec   .          Rampage  .    r - +0 cloak
rCorr   .          NoTele   +    (gloves unavailable)
Will    ++...                    (boots unavailable)
Stlth   ++++                     (no amulet)
HPRegen 2.84/turn                v - ring of willpower
MPRegen 0.20/turn                m - +2 ring of protection

@: frozen, very slow
A: large, unfitting armour, claws 3, regeneration 1, shaggy fur 1, tough skin 1
a: Renounce Religion, Bend Time, Temporal Distortion, Slouch, Step From Time


You were in the Dungeon.
You worshipped Cheibriados.
Cheibriados was exalted by your worship.
You visited 1 branch You collected 1965 gold pieces.
You spent 1430 gold pieces at shops.

Inventory:

Missiles
 y - 23 large rocks (quivered)
Armour
 a - the +4 moon troll leather armour (worn) {Spirit, Regen++ MP+5}
   (You bought it in a shop in the Dungeon)

   MP:        It affects your magic capacity (+5).
   Regen:     It increases your rate of health regeneration.
 i - a +2 troll leather armour
 l - +0 swamp dragon scales
 r - a +0 cloak (worn)
Jewellery
 m - a +2 ring of protection (right claw)
 u - a ring of see invisible
 v - a ring of willpower (left claw)
Wands
 k - a wand of acid (8)
 A - a wand of paralysis (16)
Scrolls
 h - 2 scrolls of blinking
 j - 2 scrolls of amnesia
 p - 3 scrolls of fear
 q - a scroll of fog
 w - 3 scrolls of enchant weapon
 x - 2 scrolls of enchant armour
Potions
 b - a potion of ambrosia
 c - 9 potions of curing
 d - 4 potions of heal wounds
 f - 4 potions of magic
 g - a potion of berserk rage
 n - 3 potions of might
 o - a potion of resistance
 s - a potion of brilliance {unknown}
 t - 3 potions of mutation
 z - a potion of cancellation
 B - a potion of attraction


   Skills:
 * Level 11.9 Fighting
 * Level 13.0 Throwing
 + Level 8.7 Armour
 + Level 14.3 Dodging
 + Level 6.5 Stealth
 O Level 27 Unarmed Combat
 + Level 12.1 Invocations
 + Level 1.7 Evocations


You had 13 spell levels left.
You didn't know any spells.
Your spell library contained the following spells:

 Spells                   Type           Power      Damage    Failure   Level
 Ignite Poison            Fire/Tmut/Pois 0%         N/A       50%         3
 Sticky Flame             Conj/Fire      0%         2d3       88%         4
 Summon Ice Beast         Ice/Summ       0%         N/A       88%         4
 Summon Mana Viper        Hex/Summ       0%         N/A       99%         5
 Monstrous Menagerie      Summ           0%         N/A       100%        7
 Ignition                 Fire           0%         3d3       100%        8


Dungeon Overview and Level Annotations

Branches:
Dungeon (1/1)

Altars:
Cheibriados
Dithmenos
Elyvilon
Fedhas
Gozag
Hepliaklqana
Kikubaaqudgha
Makhleb
Nemelex Xobeh
Okawaru
Qazlal
Ru
Sif Muna
Trog
Uskayaw
Vehumet
Wu Jian
Xom
Yredelemnul
Zin
The Shining One
Jiyva
Lugonu

Shops:
D *[![


Innate Abilities, Weirdness & Mutations

You are too large for most types of armour.
You have claws for hands.
Your natural rate of healing is unusually fast.
You are covered in fur. (AC +1)
You have tough skin. (AC +1)


Message History

Cheibriados appreciates the change of pace.
The silver javelin barely misses the ironbound convoker.
Aiming: Corrosive Bolt
Press: ? - help, Shift-Dir - straight line, f - ironbound convoker
Aim: an ironbound convoker, wielding a +0 morningstar and wearing a +0 scale mail (almost dead, chanting recall, 75% to hit)
The bolt of acid hits the ironbound convoker.
The acid corrodes the ironbound convoker!
The ironbound convoker is almost dead.
The bolt of acid hits the vault sentinel!
The acid corrodes the vault sentinel!
The vault sentinel is heavily wounded.
The bolt of acid hits the vault sentinel!
The vault sentinel is moderately wounded.
A slime creature comes into view.
The Orb Guardian is recalled. x2; The Orb Guardian hits you!!
The ironbound convoker misses you. The Orb Guardian closely misses you.
The ironbound convoker completely misses you.
The vault sentinel blows a loud note on a signal horn! x2
An ironbound frostheart comes into view.
The Orb Guardian hits you!!!
You hear a shout!
You hear a roar!
You hear a shout! 2 Orb Guardians come into view.
There is an open door to the Vaults, spattered with blood here.
Things that are here:
a +0 war axe; a +0 plate armour; a human corpse You eviscerate the ironbound convoker!!!
You kill the ironbound convoker!
Cheibriados appreciates the change of pace.
Your Throwing skill increases to level 13!
A great orb of eyes comes into view.
The ironbound frostheart calls freezing cold from the walls.
The frost grips you!!!
* * * LOW HITPOINT WARNING * * *
You are encased in ice.
The Orb Guardian closely misses you.
The ironbound frostheart calls freezing cold from the walls.
The frost grips you!!
* * * LOW HITPOINT WARNING * * *
The Orb Guardian hits you!!
You die...

.▓.▓)▓.▓[▓.▓.▓.▓.▓
.▓.▓)▓.▓[▓.▓.▓.▓)▓
'▓.▓)▓.▓[▓.▓.▓.▓.▓
†▓.▓)▓.▓.▓.▓.▓.▓.▓
.▓.▓)▓.▓.▓.▓.▓.▓.▓
.▓.▓)▓.▓.▓.▓.▓.▓.▓
.▓.▓.▓.▓!▓.▓'▓.▓X▓
.▓.▓.▓.▓.▓.▓)▓.▓X▓
.▓.▓.▓.▓[▓.▓.▓.▓@▓
†▓.▓.▓.▓†▓.▓†▓.▓p▓
.▓.▓.▓.▓.▓.▓.▓.▓p▓
.▓.▓'▓.▓.▓.▓†▓.▓p▓
'▓.▓)▓.▓.▓.▓.▓.▓J▓
†▓.▓)▓.▓'▓.▓.▓.▓(▓
†▓.▓)▓.▓.▓.▓.▓.▓p▓
.▓.▓)▓.▓.▓.▓.▓.▓G▓
†▓.▓)▓.▓÷▓.▓'▓.▓


You could see 2 Orb Guardians, a great orb of eyes, a slime creature, an
ironbound frostheart, 2 vault sentinels and an ironbound convoker.

Vanquished Creatures
  Saint Roka (D)
  A lich (D)
  Rupert (D)
  A sphinx (D)
  A shadow dragon (D)
  A thorn hunter (D)
  A frost giant (D)
  A vault warden (D)
  An emperor scorpion (D)
  A broodmother (D)
  3 stone giants (D)
  2 very ugly things (D)
  A vampire knight (D)
  A spark wasp (D)
  Azrael (D)
  2 eleionomae (D)
  Nessos (D)
  3 ettins (D)
  2 fire dragons (D)
  3 hydras (D)
  A spriggan air mage (D)
  3 boulder beetles (D)
  An anaconda (D)
  A merfolk aquamancer (D)
  A centaur warrior (D)
  2 ice dragons (D)
  Erica (D)
  2 deep troll earth magi (D)
  An alligator (D)
  2 deep troll shamans (D)
  Urug (D)
  An orc high priest (D)
  A skeletal warrior (D)
  A pharaoh ant (D)
  A skyshark (D)
  A glowing orange brain (D)
  A spriggan druid (D)
  An orb spider (D)
  An ironbound convoker (D)
  A swamp dragon (D)
  4 orc knights (D)
  2 steelbarb worms (D)
  A mana viper (D)
  2 harpies (D)
  5 orc sorcerers (D)
  An ugly thing (D)
  2 cyclopes (D)
  A salamander (D)
  2 manticores (D)
  7 black mambas (D)
  2 naga magi (D)
  3 cane toads (D)
  A demonic crawler (D)
  4 komodo dragons (D)
  A rime drake (D)
  An efreet (D)
  A yaktaur (D)
  A tengu conjurer (D)
  6 polar bears (D)
  2 trolls (D)
  A wind drake (D)
  A blink frog (D)
  A jumping spider (D)
  3 snapping turtles (D)
  A slime creature (D)
  A wyvern (D)
  A water elemental (D)
  A human (shapeshifter) (D)
  Grum (D)
  2 fire elementals (D)
  2 yaks (D)
  A basilisk (D)
  3 vampire mosquitoes (D)
  A warg (D)
  2 water moccasins (D)
  4 hell hounds (D)
  11 orc warriors (D)
  2 black bears (D)
  3 wolves (D)
  A centaur (D)
  2 phantoms (D)
  A hound (D)
  4 orc priests (D)
  11 orc wizards (D)
  An adder (D)
  8 orcs (D)
  A bat (D)
  A giant cockroach (D)
  A ball python (D)
  2 rats (D)
178 creatures vanquished.

Vanquished Creatures (others)
  An orc wizard (D)
1 creature vanquished.

Grand Total: 179 creatures vanquished

Notes
Turn   | Place    | Note
-------+----------+-------------------------------------------
     0 | D        | rocky1 the Troll Monk began the quest for the Orb.
     0 | D        | Reached XP level 1. HP: 22/22 MP: 0/0
    17 | D        | Noticed a phantom
    17 | D        | Noticed a phantom
    17 | D        | Noticed a hound
    20 | D        | Reached skill level 4 in Unarmed Combat
    20 | D        | Reached XP level 2. HP: 31/31 MP: 1/1
    27 | D        | Killed a phantom
    28 | D        | Reached skill level 5 in Unarmed Combat
    28 | D        | Reached XP level 3. HP: 22/40 MP: 2/2
    28 | D        | Reached XP level 4. HP: 27/49 MP: 3/3
    41 | D        | Killed a phantom
    42 | D        | Reached skill level 5 in Fighting
    42 | D        | Reached skill level 5 in Dodging
    42 | D        | Reached skill level 6 in Unarmed Combat
    42 | D        | Reached XP level 5. HP: 15/57 MP: 4/4
    46 | D        | Reached skill level 7 in Unarmed Combat
   268 | D        | Found a snail-covered altar of Cheibriados.
   268 | D        | Found a shadowy altar of Dithmenos.
   268 | D        | Found a white marble altar of Elyvilon.
   268 | D        | Found a blossoming altar of Fedhas.
   268 | D        | Found an opulent altar of Gozag.
   269 | D        | Found a hazy altar of Hepliaklqana.
   270 | D        | Found a viscous altar of Jiyva.
   271 | D        | Found an ancient bone altar of Kikubaaqudgha.
   272 | D        | Became a worshipper of Cheibriados the Contemplative
   272 | D        | Reached * piety under Cheibriados
   272 | D        | Reached ** piety under Cheibriados
   273 | D        | Found a corrupted altar of Lugonu.
   274 | D        | Found a burning altar of Makhleb.
   275 | D        | Found a sparkling altar of Nemelex Xobeh.
   276 | D        | Found an iron altar of Okawaru.
   277 | D        | Found a stormy altar of Qazlal.
   278 | D        | Found a sacrificial altar of Ru.
   279 | D        | Found a shimmering blue altar of Sif Muna.
   280 | D        | Found a bloodstained altar of Trog.
   281 | D        | Found a hide-covered altar of Uskayaw.
   282 | D        | Found a radiant altar of Vehumet.
   283 | D        | Found an ornate altar of the Wu Jian Council.
   284 | D        | Found a shimmering altar of Xom.
   285 | D        | Found a basalt altar of Yredelemnul.
   286 | D        | Found a glowing silver altar of Zin.
   287 | D        | Found a glowing golden altar of the Shining One.
   313 | D        | Noticed a troll
   313 | D        | Noticed a yak
   313 | D        | Noticed a centaur
   313 | D        | Noticed a yak
   313 | D        | Noticed a troll
   318 | D        | Killed a troll
   319 | D        | Reached skill level 9 in Unarmed Combat
   319 | D        | Reached XP level 6. HP: 23/67 MP: 4/7
   321 | D        | Killed a yak
   324 | D        | Reached *** piety under Cheibriados
   326 | D        | Reached skill level 10 in Unarmed Combat
   329 | D        | Killed a yak
   330 | D        | Reached XP level 7. HP: 39/76 MP: 5/8
   333 | D        | Killed a troll
   334 | D        | Reached skill level 11 in Unarmed Combat
   366 | D        | Noticed a vampire mosquito
   366 | D        | Noticed a slime creature
   366 | D        | Noticed a skeletal warrior
   366 | D        | Noticed a vampire mosquito
   366 | D        | Noticed a purple ugly thing
   366 | D        | Noticed an efreet
   374 | D        | Killed a slime creature
   374 | D        | Reached **** piety under Cheibriados
   375 | D        | Reached skill level 12 in Unarmed Combat
   375 | D        | Reached XP level 8. HP: 77/84 MP: 10/10
   382 | D        | Killed a skeletal warrior
   383 | D        | Reached skill level 13 in Unarmed Combat
   383 | D        | Reached skill level 5 in Invocations
   386 | D        | Killed a purple ugly thing
   387 | D        | Reached skill level 14 in Unarmed Combat
   387 | D        | Reached XP level 9. HP: 54/93 MP: 10/12
   391 | D        | Reached ***** piety under Cheibriados
   394 | D        | Killed an efreet
   395 | D        | Reached skill level 1 in Armour
   510 | D        | Noticed a komodo dragon
   510 | D        | Noticed a cane toad
   510 | D        | Noticed a komodo dragon
   510 | D        | Noticed a cane toad
   514 | D        | Killed a komodo dragon
   514 | D        | Noticed a komodo dragon
   515 | D        | Reached skill level 15 in Unarmed Combat
   518 | D        | Killed a cane toad
   520 | D        | Killed a komodo dragon
   525 | D        | Killed a cane toad
   525 | D        | Reached ****** piety under Cheibriados
   526 | D        | Reached skill level 16 in Unarmed Combat
   535 | D        | Killed a komodo dragon
   536 | D        | Reached skill level 5 in Stealth
   536 | D        | Reached XP level 10. HP: 90/104 MP: 14/14
   651 | D        | Noticed a black mamba
   651 | D        | Noticed a skyshark
   651 | D        | Noticed a black mamba
   651 | D        | Noticed a six-headed hydra
   652 | D        | Noticed a cane toad
   654 | D        | Reached skill level 17 in Unarmed Combat
   656 | D        | Noticed a black mamba
   661 | D        | Killed a black mamba
   662 | D        | Killed a black mamba
   662 | D        | Killed a black mamba
   663 | D        | Killed a skyshark
   663 | D        | Killed a cane toad
   664 | D        | Reached skill level 18 in Unarmed Combat
   665 | D        | Killed an eight-headed hydra
   743 | D        | Reached skill level 19 in Unarmed Combat
   743 | D        | Reached XP level 11. HP: 111/111 MP: 16/16
   943 | D        | Noticed Grum
   950 | D        | Killed Grum
   955 | D        | Reached skill level 5 in Armour
   968 | D        | Noticed Erica
   978 | D        | Killed Erica
   979 | D        | Reached skill level 20 in Unarmed Combat
  1122 | D        | Noticed an orc knight
  1133 | D        | Killed an orc knight
  1198 | D        | Noticed an orc high priest
  1198 | D        | Noticed an orc knight
  1201 | D        | Killed an orc high priest
  1206 | D        | Killed an orc knight
  1210 | D        | Noticed an orc knight
  1213 | D        | Reached skill level 21 in Unarmed Combat
  1226 | D        | Killed an orc knight
  1287 | D        | Found Peclari's Assorted Antiques.
  1287 | D        | Noticed an orc sorcerer
  1288 | D        | Noticed an orc sorcerer
  1290 | D        | Found Zuto Qonata's Armour Shoppe.
  1293 | D        | Killed an orc sorcerer
  1293 | D        | Noticed an orc sorcerer
  1294 | D        | Found Beiw's Distillery.
  1294 | D        | Noticed an orc sorcerer
  1295 | D        | Killed an orc sorcerer
  1296 | D        | Noticed an orc sorcerer
  1298 | D        | Found Jurol's Antique Armour Shoppe.
  1298 | D        | Paralysed by an orc sorcerer for 3 turns
  1301 | D        | Killed an orc sorcerer
  1305 | D        | Paralysed by an orc sorcerer for 5 turns
  1312 | D        | Killed an orc sorcerer
  1313 | D        | Reached skill level 22 in Unarmed Combat
  1314 | D        | Killed an orc sorcerer
  1315 | D        | Reached skill level 10 in Invocations
  1473 | D        | Bought the +4 moon troll leather armour {Spirit, Regen++
                  | MP+5} for 763 gold pieces
  1473 | D        | Found the +4 moon troll leather armour {Spirit, Regen++
                  | MP+5}
  1485 | D        | Bought a potion of curing for 36 gold pieces
  1485 | D        | Bought a potion of curing for 36 gold pieces
  1485 | D        | Bought a potion of might for 48 gold pieces
  1485 | D        | Bought a potion of curing for 36 gold pieces
  1485 | D        | Bought a potion of mutation for 96 gold pieces
  1493 | D        | Bought a metallic purple potion for 19 gold pieces
  1493 | D        | Bought a scroll of identify for 44 gold pieces
  1493 | D        | Bought a moonstone ring for 110 gold pieces
  1493 | D        | Bought a potion of might for 88 gold pieces
  1493 | D        | Bought a scroll of identify for 44 gold pieces
  1493 | D        | Bought a scroll labelled DAECUAROAKH for 22 gold pieces
  1493 | D        | Bought a scroll of fear for 88 gold pieces
  1526 | D        | Noticed Urug
  1537 | D        | Killed Urug
  1538 | D        | Reached XP level 12. HP: 106/122 MP: 18/18
  1654 | D        | Noticed a boulder beetle
  1654 | D        | Noticed a boulder beetle
  1654 | D        | Noticed a centaur warrior
  1658 | D        | Noticed a boulder beetle
  1662 | D        | Killed a boulder beetle
  1667 | D        | Killed a boulder beetle
  1668 | D        | Reached skill level 23 in Unarmed Combat
  1668 | D        | Noticed an ice dragon
  1669 | D        | Noticed an ettin
  1671 | D        | Noticed a deep troll earth mage
  1672 | D        | Killed a centaur warrior
  1673 | D        | Noticed a fire dragon
  1680 | D        | Killed an ice dragon
  1680 | D        | Noticed a deep troll shaman
  1682 | D        | Killed an ettin
  1683 | D        | Reached skill level 1 in Throwing
  1685 | D        | Killed a deep troll earth mage
  1686 | D        | Reached skill level 24 in Unarmed Combat
  1690 | D        | HP: 1/122 [fire dragon/blast of flame (41)]
  1718 | D        | Killed a fire dragon
  1736 | D        | Killed a boulder beetle
  1753 | D        | Killed a deep troll shaman
  2030 | D        | Noticed Rupert
  2033 | D        | Paralysed by Rupert for 5 turns
  2035 | D        | Noticed Saint Roka
  2041 | D        | Killed Rupert
  2042 | D        | Noticed Nessos
  2047 | D        | Reached skill level 25 in Unarmed Combat
  2051 | D        | Killed Nessos
  2058 | D        | Killed Saint Roka
  2059 | D        | Reached XP level 13. HP: 28/131 MP: 2/19
  2302 | D        | Noticed an eleionoma
  2302 | D        | Noticed an eleionoma
  2307 | D        | Reached skill level 5 in Throwing
  2307 | D        | Noticed a thorn hunter
  2313 | D        | Killed an eleionoma
  2314 | D        | Reached skill level 10 in Dodging
  2314 | D        | Reached skill level 26 in Unarmed Combat
  2321 | D        | Killed an eleionoma
  2328 | D        | Killed a thorn hunter
  2445 | D        | Noticed an emperor scorpion
  2452 | D        | Killed an emperor scorpion
  2453 | D        | Reached skill level 27 in Unarmed Combat
  2453 | D        | Noticed a broodmother
  2470 | D        | Killed a broodmother
  2969 | D        | Noticed Azrael
  2973 | D        | Reached skill level 10 in Fighting
  2976 | D        | Reached skill level 10 in Throwing
  2978 | D        | Killed Azrael
  3052 | D        | Noticed a fire dragon
  3052 | D        | Noticed an ettin
  3052 | D        | Noticed a stone giant
  3052 | D        | Noticed a frost giant
  3052 | D        | Noticed an ettin
  3052 | D        | Noticed a cyan very ugly thing
  3053 | D        | Killed a fire dragon
  3055 | D        | Killed an ettin
  3056 | D        | Reached skill level 1 in Evocations
  3056 | D        | Noticed a sphinx
  3059 | D        | Noticed a white very ugly thing
  3062 | D        | Reached XP level 14. HP: 103/143 MP: 18/21
  3068 | D        | Killed a stone giant
  3069 | D        | Noticed a shadow dragon
  3073 | D        | Killed a frost giant
  3176 | D        | Killed a cyan very ugly thing
  3187 | D        | Killed a sphinx
  3194 | D        | Killed a white very ugly thing
  3200 | D        | Killed a shadow dragon
  3286 | D        | Noticed a lich
  3293 | D        | Killed a lich
  3316 | D        | Noticed a stone giant
  3327 | D        | Killed a stone giant
  3350 | D        | Noticed a stone giant
  3355 | D        | Killed a stone giant
  3374 | D        | Noticed a vampire knight
  3384 | D        | Killed a vampire knight
  3442 | D        | Noticed a vault warden
  3450 | D        | Killed a vault warden
  3453 | D        | Noticed an Orb Guardian
  3453 | D        | Noticed an Orb Guardian
  3454 | D        | Slain by an Orb Guardian

Illustrated notes

Levels and vault maps discovered:
D:        linesprint [early_d, line_temple, items_1, d_10, items_2, lair_1,
          lair_end, items_3, orc_1, orc_end, items_4, d_15, swamp_1, shoals_1,
          snake_1, spider_1, d_20, vaults_1, items_5, swamp_end, shoals_end,
          snake_end, spider_end, vaults_end, d_27, items_6, zot_1, zot_end,
          crypt_end, forest_end, elf_end, slime_end, tomb_end, abyss_end,
          pan_hell_end]

Skill      XL: |  1  2  3  4  5  6  7  8  9 10 11 12 13 14 |
---------------+-------------------------------------------+-----
Fighting       | 3 4 5 6 7 8 9 10 11 | 11.9
Dodging        | 3 4 5 6 7 8 9 12 14 | 14.3
Unarmed Combat | 4 5 6 9 10 12 14 16 19 22 25 27 | 27.0
Stealth        | 2 3 4 5 6 |  6.5
Invocations    | 2 3 4 5 7 8 10 11 12 | 12.1
Armour         | 2 4 5 7 8 |  8.7
Throwing       | 4 10 13 | 13.0
Evocations     | 1 |  1.7

Action                     |  1- 3 |  4- 6 |  7- 9 | 10-12 | 13-15 || total
---------------------------+-------+-------+-------+-------+-------++-------
  Melee: Unarmed           |    15 |    28 |    49 |   188 |   165 ||   445
         Punch             |       |     2 |     7 |    24 |    35 ||    68
  Throw: Javelin           |       |       |       |       |     6 ||     6
 Invoke: Slouch            |       |       |       |     3 |     1 ||     4
  Evoke: Wand              |       |       |       |       |     2 ||     2
    Use: Potion            |       |     1 |       |     3 |     1 ||     5
         Scroll            |       |       |       |     6 |     4 ||    10
   Stab: Sleeping          |     1 |       |       |     4 |       ||     5
         Invisible         |       |     5 |     1 |       |       ||     6
 Armour: Robe              |     1 |     3 |       |       |       ||     4
         Troll leather arm |       |       |     9 |    53 |    50 ||   112
  Dodge: Dodged            |     4 |    17 |    14 |   108 |   109 ||   252

Table legend: (Time is in decaauts)
 A = Elapsed time spent in this place.
 B = Non-inter-level travel time spent in this place.
 C = Inter-level travel time spent in this place.
 D = Time resting spent in this place.
 E = Time spent auto-exploring this place.
 F = Levels seen in this place.
 G = Mean time per level.
                   A        B        C        D        E       F      G
               +--------+--------+--------+--------+--------+-----+--------+
         Total |   4223 |   4223 |      0 |   1849 |      0 |   1 | 4223.0 |
       Dungeon |   4223 |   4223 |      0 |   1849 |      0 |   1 | 4223.0 |
               +--------+--------+--------+--------+--------+-----+--------+

Top non-repeatable levels by time:
       D: 4223 daAuts
